 Dungeon Crawl Stone Soup version 0.30.0-10-gfe55d96785 (webtiles) character file.

Game seed: 16284134561967192722

105 Edyrem the Trooper (level 5, -4/44 HPs)
             Began as a Formicid Hunter on May 15, 2023.
             Slain by liarliar's ghost (9 damage)
             ... on level 3 of the Dungeon.
             The game lasted 00:04:53 (2307 turns).

Edyrem the Trooper (Formicid Hunter)                Turns: 2307, Time: 00:04:54

Health: -4/44      AC:  4    Str: 13 (16) XL:     5   Next: 8%
Magic:  5/5        EV: 12    Int:  6 (8)  God:
Gold:   101        SH:  0    Dex: 18 (19) Spells: 4/4 levels left

rFire   . . .        a - +0 shortbow
rCold   . . .        (no shield)
rNeg    . . .        c - +0 leather armour
rPois   .            (helmet unavailable)
rElec   .            (no cloak)
rCorr   .            v - +0 pair of gloves
SInv    +            (no boots)
Will    .....        s - amulet of regeneration
Stlth   ++           (no ring)
HPRegen 1.07/turn    (no ring)
MPRegen 0.09/turn

%: no passive effects
@: brilliant
A: permanent stasis, dig shafts and tunnels, antennae 3, four strong arms
a: Dig, Shaft Self


You were on level 3 of the Dungeon.
You visited 1 branch of the dungeon, and saw 3 of its levels.

You collected 101 gold pieces.

Inventory:

Hand Weapons
 a - a +0 shortbow (weapon)
 b - a +2 dagger of holy wrath
 k - a +0 short sword of freezing
 o - a +0 rapier
Armour
 c - a +0 leather armour (worn)
 r - the +4 ring mail "Takluh Sayca" {Regen+ Dex+3}
   (You found it on level 3 of the Dungeon)

   Dex:       It affects your dexterity (+3).
   Regen:     It increases your rate of health regeneration.
 v - a +0 pair of gloves (worn)
Magical Staves
 f - a staff of earth
Jewellery
 m - an amulet of faith
 s - an amulet of regeneration (around neck)
Scrolls
 i - 3 scrolls of immolation
 p - a scroll of summoning {unknown}
 q - 2 scrolls of amnesia {unknown}
 t - a scroll of brand weapon {unknown}
 u - a scroll of identify {unknown}
Potions
 e - a potion of berserk rage {unknown}
 g - a potion of lignification {unknown}
 h - a potion of haste
 l - a potion of mutation {unknown}
 n - a potion of degeneration


   Skills:
 - Level 5.1 Fighting
 + Level 4.1 Ranged Weapons
 - Level 1.7 Dodging
 - Level 1.2 Stealth


You had 4 spell levels left.
You didn't know any spells.
Your spell library contained the following spells:

 Spells                   Type           Power      Damage    Failure   Level
 Ensorcelled Hibernation  Hex/Ice        0%         N/A       67%         2
 Sublimation of Blood     Necr           0%         N/A       67%         2
 Spider Form              Tmut/Pois      0%         N/A       88%         3
 Anguish                  Hex/Necr       0%         N/A       99%         4
 Petrify                  Tmut/Erth      0%         N/A       99%         4
 Irradiate                Conj/Tmut      0%         3d11      100%        5


Dungeon Overview and Level Annotations

Branches:
Dungeon (3/15)

Altars:
Trog
The Shining One

Annotations:
D:3 1 transporter, liarliar's ghost, amateur DrTm


Innate Abilities, Weirdness & Mutations

You cannot be hasted, slowed, berserked, paralysed or teleported.
You can dig through walls and to a lower floor.
You have a pair of large antennae on your head. (SInv)
Your four strong arms can wield two-handed weapons with a shield.


Message History

The centaur zombie hits you but does no damage.
The centaur zombie kicks you but does no damage.
The centaur zombie attacks as you move away!
The centaur zombie hits you but does no damage.
The centaur zombie closely misses you.
Liarliar's ghost attacks as you move away!
Liarliar's ghost hits you.
Fire: a) +0 shortbow
Press: ? - help, Q - select action, (/) - cycle Shift-Dir - straight line, f - liarliar's ghost
Aim: liarliar's ghost, wielding a weapon of electrocution (59% to hit)
You shoot an arrow. The arrow hits the centaur zombie.
The centaur zombie is severely damaged.
The centaur zombie hits you. The centaur zombie kicks you.
The centaur zombie hits you. The centaur zombie barely misses you.
Liarliar's ghost attacks as you move away!
Liarliar's ghost barely misses you.
The centaur zombie attacks as you move away!
The centaur zombie closely misses you. The centaur zombie barely misses you.
Okay, then.
As you read the scroll labelled JIVION ZOIGOILL, it crumbles to dust.
You feel a strange sense of stasis.
It was a scroll of teleportation.
Liarliar's ghost hits you.
You are electrocuted!
* * * LOW HITPOINT WARNING * * *
You shoot an arrow.
The arrow hits liarliar's ghost but does no damage.
Liarliar's ghost hits you.
* * * LOW HITPOINT WARNING * * *
You are electrocuted!
* * * LOW HITPOINT WARNING * * *
It was a potion of haste.
Your stasis prevents you from being hasted.
Liarliar's ghost closely misses you.
It was a potion of degeneration.
There was something very wrong with that liquid.
You feel weakened.
You feel dopey.
You feel clumsy. Liarliar's ghost closely misses you.
It was a potion of brilliance.
You feel clever all of a sudden. Liarliar's ghost hits you!
You die...

#
#<#.#######################....
# #.#>...................#
#.#..
###.#.#...÷.[............#
#.##.
..#.#.#...#############..#
####.
..........#©.......[..#..# #.
#)....##..#....ZZ.....#..# #.
#.#.......#..###Z###..#..# #.
###..#.#..#..#8#W#8#..#..# #.
####.#..#.....@.....#..# ####'
#...©#.....©.=..$#©.# #....
###..#..........$#..####....
#..#..#8#.#8#..#..#.......
#..#..###.###..#..#.#.####
#..#....?......#..#.#.....
#..#...........#..#.#.#...
#..#############....#.#._.
#.................(.#.#...


You could see liarliar's ghost, a bullfrog zombie and 2 centaur zombies.

Vanquished Creatures
  An adder (D:3)
  2 dart slugs
  12 orcs
  8 endoplasms
  A giant cockroach (D:1)
  4 goblins
  6 hobgoblins
  11 jackals (D:1)
  6 kobolds
  2 quokkas
  3 ball pythons (D:1)
  6 bats
  3 frilled lizards
  5 rats
70 creatures vanquished.

Notes
Turn   | Place    | Note
-------+----------+-------------------------------------------
     0 | D:1      | Edyrem the Formicid Hunter began the quest for the Orb.
     0 | D:1      | Reached XP level 1. HP: 16/16 MP: 1/1
    39 | D:1      | Reached skill level 3 in Fighting
    39 | D:1      | Reached XP level 2. HP: 10/24 MP: 2/2
   213 | D:1      | Found a faded altar of an unknown god.
   238 | D:1      | Reached XP level 3. HP: 18/29 MP: 3/3
   378 | D:1      | You fall into a shaft and drop 1 floor!
   395 | D:2      | Found a glowing golden altar of the Shining One.
   481 | D:1      | Reached skill level 4 in Fighting
   753 | D:1      | Reached XP level 4. HP: 38/38 MP: 4/4
  1824 | D:3      | Reached skill level 5 in Fighting
  1834 | D:3      | Identified the +4 ring mail "Takluh Sayca" {Regen+ Dex+3}
  1869 | D:3      | Found a bloodstained altar of Trog.
  1941 | D:3      | Found a transporter.
  1944 | D:3      | Noticed liarliar's ghost (amateur DrTm)
  1947 | D:3      | Found a transporter.
  2149 | D:3      | Reached XP level 5. HP: 39/44 MP: 5/5
  2303 | D:3      | HP: 1/44 [liarliar's ghost (9)]
  2307 | D:3      | Slain by liarliar's ghost

Illustrated notes

Levels and vault maps discovered:
D:1:      lightli_arrival_lavapool, layout_loops_corners,
          shapermc_ecumenical_altar_starsandcircs
D:2:      layout_loops_cross, basic_altar, grunt_decor_cap,
          chequers_serial_rivers_small_b
D:3:      minmay_evil_eye, layout_basic, mainiacjoe_overflow_cross_hatched,
          gammafunk_ghost_mausoleum

Skill      XL: |  1  2  3  4 |
---------------+-------------+-----
Fighting       | 3 4 5 |  5.1
Ranged Weapons | |  4.1
Dodging        | |  1.7
Stealth        | |  1.2

Action                     |  1- 3 |  4- 6 || total
---------------------------+-------+-------++-------
   Fire: Shortbow          |    87 |    97 ||   184
Ability: Dig               |     1 |       ||     1
    Use: Potion            |       |     3 ||     3
         Scroll            |       |     1 ||     1
 Armour: Leather armour    |     9 |    24 ||    33
  Dodge: Dodged            |    37 |    61 ||    98
